 Dungeon Crawl Stone Soup version 0.26-a0-757-g626ac9e51a (webtiles) character file.

Game seed: 3295524180315158848

1469 miscthings the Cleaver (level 8, -1/67 HPs)
             Began as a Palentonga Delver on Nov 8, 2020.
             Slain by an iguana (12 damage)
             ... on level 5 of the Dungeon.
             The game lasted 00:09:21 (4814 turns).

miscthings the Cleaver (Palentonga Delver)          Turns: 4814, Time: 00:09:22

Health: -1/67      AC: 16    Str: 19    XL:     8   Next: 49%
Magic:  17/17      EV:  9    Int: 10    God:
Gold:   170        SH:  3    Dex: 11    Spells: 7/7 levels left

rFire    . . .     SeeInvis +   b - +4 club
rCold    . . .     Faith    +   j - +0 buckler
rNeg     . . .     Spirit   .   v - +2 animal skin
rPois    .         Reflect  .   m - +0 helmet
rElec    .         Harm     .   w - +1 cloak
rCorr    .         Rampage  .   (no gloves)
MR       .....                  (no barding)
Stlth    ++........             n - amulet of faith
HPRegen  0.21/turn              r - ring of wizardry
MPRegen  0.15/turn              y - ring of magical power

@: curled up
A: large, rugged brown scales 3, see invisible, deformed body, roll, armoured
tail, reflexive curl
a: Rolling Charge


You were on level 5 of the Dungeon.
You visited 1 branch of the dungeon, and saw 5 of its levels.

You collected 170 gold pieces.

Inventory:

Hand Weapons
 a - a +0 hand axe
 b - a +4 club (weapon)
 f - a +1 whip of freezing
Armour
 j - a +0 buckler (worn)
 m - a +0 helmet (worn)
 v - a +2 animal skin (worn)
 w - a +1 cloak (worn)
Jewellery
 n - an amulet of faith (around neck)
 r - a ring of wizardry (left hand)
 y - a ring of magical power (right hand)
Wands
 g - a wand of digging (3)
 u - a wand of random effects (38)
Scrolls
 c - 2 scrolls of fog
 d - 2 scrolls of magic mapping
 e - 2 scrolls of fear
 h - 2 scrolls of remove curse
 k - a scroll of enchant armour
 o - a scroll of amnesia
 q - 6 scrolls of teleportation
Potions
 i - 3 potions of heal wounds
 l - 3 potions of curing
 p - a potion of magic {unknown}
 s - a potion of ambrosia
 t - 2 potions of might {unknown}
 x - 2 potions of resistance
 z - a potion of mutation


   Skills:
 - Level 3.0 Fighting
 - Level 8.2(9.3) Axes
 + Level 6.8(8.7) Maces & Flails
 - Level 1.5 Dodging
 - Level 3.3 Stealth


You had 7 spell levels left.
You didn't know any spells.
Your spell library contained the following spells:

 Spells                   Type           Power        Failure   Level
 Animate Skeleton         Necr           #.....       26%         1
 Apportation              Tloc           #.....       26%         1
 Corona                   Hex            #......      26%         1
 Summon Small Mammal      Summ           #...         26%         1


Dungeon Overview and Level Annotations

Branches:
Dungeon (5/15)
 Temple: D:4-7

Altars:
Cheibriados
Dithmenos
Elyvilon
Qazlal
Ru
Yredelemnul
Zin


Innate Abilities, Weirdness & Mutations

You are completely covered in rugged brown scales. (AC +3, +7% HP)
You have supernaturally acute eyesight. (SInv)
Armour fits poorly on your strangely shaped body.
You can roll at foes to attack.
You have a long armoured tail.
You curl defensively after being hit.


Message History

The iguana completely misses you.
You closely miss the iguana.
The iguana is moderately wounded.
The iguana bites you!
* * * LOW HITPOINT WARNING * * *
You hit the iguana.
The iguana is heavily wounded.
The iguana bites you.
* * * LOW HITPOINT WARNING * * *
You hit the iguana.
The iguana is severely wounded.
The iguana bites you.
* * * LOW HITPOINT WARNING * * *
You hit the iguana but do no damage.
The iguana is severely wounded.
You closely miss the iguana.
You tail-slap the iguana, but do no damage.
The iguana is severely wounded.
The iguana bites you!
You die...

###'###..# #.
#.....#############
###.⌠.⌠.##.........
.
#('.._..'..########
.#.⌠.⌠.#.......#
#.....#######.#
###'###...[...#
#..# ######..# #@#
#..# #l# #..# ...
#..# .#### ####..#
#. #.....# #
#.###.# #...).#
#######


You could see an iguana.

Vanquished Creatures
  Pikel (D:5)
  Sigmund (D:2)
  A sky beast (D:5)
  2 ogres
  4 lemures (D:5)
  2 howler monkeys (D:4)
  A centaur zombie (D:5)
  A hound (D:5)
  2 orc priests
  A bullfrog skeleton (D:4)
  An iguana (D:5)
  A worker ant (D:4)
  An orc wizard (D:4)
  2 hound skeletons (D:4)
  Robin (D:2)
  A gnoll (D:2)
  9 adders
  5 white imps (D:5)
  An ooze (D:4)
  3 worms
  3 dart slugs (D:1)
  8 leopard geckos
  5 orcs
  4 giant cockroaches
  2 gnoll zombies (D:4)
  16 goblins
  14 hobgoblins
  4 jackals (D:2)
  2 quokkas
  A ball python (D:1)
  8 bats
  4 frilled lizards
  7 kobolds
  A leopard gecko skeleton (D:4)
  12 rats
132 creatures vanquished.

Notes
Turn   | Place    | Note
-------+----------+-------------------------------------------
     0 | D:5      | miscthings the Palentonga Delver began the quest for the
                  | Orb.
     0 | D:5      | Reached XP level 1. HP: 20/20 MP: 1/1
    25 | D:4      | Noticed a howler monkey
    38 | D:4      | Reached XP level 2. HP: 24/27 MP: 2/2
   149 | D:3      | Reached skill level 3 in Axes
   174 | D:3      | Reached XP level 3. HP: 17/33 MP: 3/3
   247 | D:2      | Noticed Sigmund
   571 | D:2      | Found a snail-covered altar of Cheibriados.
   571 | D:2      | Found a sacrificial altar of Ru.
   669 | D:2      | Reached skill level 4 in Axes
   856 | D:1      | Reached XP level 4. HP: 40/40 MP: 4/4
  1652 | D:2      | Reached skill level 5 in Axes
  1863 | D:2      | Reached XP level 5. HP: 48/48 MP: 5/5
  2040 | D:2      | Noticed Robin
  2070 | D:2      | Killed Sigmund
  2070 | D:2      | Reached skill level 6 in Axes
  2070 | D:2      | Reached XP level 6. HP: 23/54 MP: 6/6
  2077 | D:2      | Killed Robin
  2343 | D:2      | Found a shadowy altar of Dithmenos.
  2467 | D:2      | Found a white marble altar of Elyvilon.
  2642 | D:4      | Reached skill level 7 in Axes
  2913 | D:3      | Gained mutation: You curl defensively after being hit.
                  | [Palentonga growth]
  2913 | D:3      | Reached XP level 7. HP: 28/60 MP: 7/7
  3296 | D:4      | Reached skill level 8 in Axes
  3301 | D:4      | Found a stormy altar of Qazlal.
  3857 | D:4      | Found a basalt altar of Yredelemnul.
  4454 | D:5      | Found a glowing silver altar of Zin.
  4553 | D:5      | Noticed Pikel
  4570 | D:5      | Killed Pikel
  4570 | D:5      | Reached XP level 8. HP: 19/67 MP: 8/8
  4814 | D:5      | Slain by an iguana

Illustrated notes

Levels and vault maps discovered:
D:1:      onia_arrival_mini_maze_b, layout_basic, minivault_11
D:2:      minmay_thinvault, layout_basic, grunt_temple_overflow_open,
          elyvilon_altar_3, nicolae_dithmenos_shadow_blocks, uniq_robin,
          uniq_sigmund
D:3:      layout_loops_cross
D:4:      layout_basic, lemuel_zombie_altar_yredelemnul,
          overflow_temple_1_default
D:5:      layout_basic, kennysheep_little_box, st_stairs_7, uniq_pikel

Skill      XL: |  1  2  3  4  5  6  7 |
---------------+----------------------+-----
Axes           | 3 4 5 6 7 8 |  8.2
Maces & Flails | 6 |  6.8
Fighting       | |  3.0
Dodging        | |  1.5
Stealth        | |  3.3

Action                   |  1- 3 |  4- 6 |  7- 9 || total
-------------------------+-------+-------+-------++-------
Melee: Hand axe          |   113 |   155 |       ||   268
       Tailslap          |     9 |    26 |    36 ||    71
       Club              |       |    50 |   200 ||   250
 Abil: Rolling Charge    |     6 |    18 |     6 ||    30
  Use: Scroll            |     3 |     3 |     3 ||     9
       Potion            |       |     1 |     3 ||     4
 Stab: Sleeping          |     4 |     4 |     1 ||     9
Armor: Leather armour    |    44 |    62 |       ||   106
       Animal skin       |       |    13 |    66 ||    79
Dodge: Dodged            |    67 |    91 |    80 ||   238
Block: Buckler           |       |       |    16 ||    16

Table legend: (Time is in decaauts)
 A = Elapsed time spent in this place.
 B = Non-inter-level travel time spent in this place.
 C = Inter-level travel time spent in this place.
 D = Time resting spent in this place.
 E = Time spent auto-exploring this place.
 F = Levels seen in this place.
 G = Mean time per level.
                   A        B        C        D        E       F      G
               +--------+--------+--------+--------+--------+-----+--------+
         Total |   4832 |   4716 |    116 |   1621 |   1903 |   5 |  966.4 |
       Dungeon |   4832 |   4716 |    116 |   1621 |   1903 |   5 |  966.4 |
               +--------+--------+--------+--------+--------+-----+--------+

Top non-repeatable levels by time:
     D:2: 1237 daAuts
     D:3: 1011 daAuts
     D:4: 986 daAuts
     D:1: 837 daAuts
     D:5: 759 daAuts
